 Dungeon Crawl Stone Soup version 0.32-a0-913-g739538afd8 (webtiles) character file.

Game seed: 2530301971431472907

341 pornopis the Shooter (level 6, -7/48 HPs)
             Began as a Coglin Hunter on Apr 8, 2024.
             Was a Believer of Cheibriados.
             Mangled by Duvessa
             ... wielding a +0 short sword
              (11 damage)
             ... on level 4 of the Dungeon.
             The game lasted 00:03:27 (2392 turns).

pornopis the Shooter (Coglin Hunter)                Turns: 2392, Time: 00:03:27

Health: -7/48      AC:  3    Str: 17    XL:     6   Next: 56%
Magic:  6/6        EV: 11    Int: 15    God:    Cheibriados [**....]
Gold:   184        SH:  0    Dex: 25    Spells: 5/5 levels left

rFire   . . .        a - +2 sling {Bintanath}
rCold   . . .        d - +0 sling {Kyogo}
rNeg    . . .        c - +0 leather armour
rPois   .            (no helmet)
rElec   .            (no cloak)
rCorr   .            (no gloves)
SInv    .            (no boots)
Will    .....        (amulet unavailable)
Stlth   ++           (ring unavailable)
HPRegen 0.28/turn    (ring unavailable)
MPRegen 0.10/turn    (no gizmo)

%: no passive effects
@: revved, very slow
A: off-hand wielding, slow wielding, warmup strikes, no jewellery
a: Invent Gizmo, Renounce Religion, Bend Time


You were on level 4 of the Dungeon.
You worshipped Cheibriados.
Cheibriados was pleased with you.
You visited 1 branch of the dungeon, and saw 4 of its levels.

You collected 184 gold pieces.

Inventory:

Hand Weapons
 a - a +2 sling (weapon) {Bintanath}
 d - a +0 sling (offhand) {Kyogo}
Armour
 c - a +0 leather armour (worn)
Scrolls
 b - a scroll of butterflies
 f - 4 scrolls of identify {unknown}
 g - a scroll of amnesia {unknown}
 h - a scroll of silence {unknown}
 i - 3 scrolls of teleportation {unknown}
 j - a scroll of fog {unknown}
Potions
 e - a potion of brilliance {unknown}
 k - a potion of lignification {unknown}


   Skills:
 + Level 4.2 Fighting
 * Level 6.0 Ranged Weapons
 - Level 1.7 Dodging
 - Level 0.7 Stealth


You had 5 spell levels left.
You didn't know any spells.
Your spell library contained the following spells:

 Spells                   Type           Power      Damage    Failure   Level
 Tukima's Dance           Hex            0%         N/A       69%         3
 Dimensional Bullseye     Hex/Tloc       0%         N/A       97%         4
 Iskenderun's Mystic Bla Conj/Tloc 0%             2d3        (+2d1     97%         4
 Malign Gateway           Summ/Tloc      0%         N/A       100%        7
 Summon Horrible Things   Summ           0%         N/A       100%        8


Dungeon Overview and Level Annotations

Branches:
Dungeon (4/15)
 Temple: D:4-7

Altars:
Ashenzari
Cheibriados
Makhleb

Annotations:
D:4 Duvessa


Innate Abilities, Weirdness & Mutations

You can wield a second weapon in your off-hand.
It takes a long time for you to wield or remove held weapons.
Your first few attacks do less damage.
You cannot equip rings or amulets.


Message History

You shoot a sling bullet.
The sling bullet hits Duvessa but does no damage.
Duvessa is heavily wounded.
Duvessa completely misses you.
Unknown command.
Unknown command.
Unknown command.
Unknown command.
Unknown command.
Unknown command.
Unknown command.
Unknown command.
You shoot a sling bullet. The sling bullet hits Duvessa.
Duvessa is severely wounded.
You shoot a sling bullet.
The sling bullet closely misses Duvessa.
The sling bullet hits the kobold but does no damage.
The kobold is severely wounded.
Duvessa hits you with a +0 short sword. Duvessa barely misses you.
Unknown command.
Unknown command.
Unknown command.
Unknown command.
Unknown command.
Unknown command.
Unknown command.
Unknown command.
Unknown command.
You shoot a sling bullet. The sling bullet hits Duvessa.
Duvessa is severely wounded.
You shoot a sling bullet.
The sling bullet closely misses Duvessa.
The sling bullet hits the kobold!
You kill the kobold!
Cheibriados appreciates the change of pace.
Duvessa hits you with a +0 short sword!
* * * LOW HITPOINT WARNING * * *
Duvessa hits you with a +0 short sword!
You die...
Cheibriados appreciates the motionlessness of death.

#.............#
###..#..#####. #####.# ##
#.## #$ #>.######### #.
##.........# . ##.
#######.......#
....#..#####.............#
....?..)e@...#####.......#
...$..######## #.......#
..... ######### .... ...
.. #


You could see Duvessa (berserk, fast).

Vanquished Creatures
  An ogre (D:4)
  Dowan (D:4)
  A jelly (D:4)
  2 hounds (D:4)
  4 adders
  3 dart slugs
  2 ribbon worms
  An orc (D:3)
  5 bats
  9 endoplasms
  A giant cockroach (D:1)
  7 goblins
  6 hobgoblins
  3 jackals (D:3)
  7 kobolds
  4 quokkas
  8 ball pythons
  2 frilled lizards
  3 rats
70 creatures vanquished.

Notes
Turn   | Place    | Note
-------+----------+-------------------------------------------
     0 | D:1      | pornopis the Coglin Hunter began the quest for the Orb.
     0 | D:1      | Reached XP level 1. HP: 16/16 MP: 1/1
    96 | D:1      | Reached XP level 2. HP: 22/22 MP: 2/2
   234 | D:1      | Reached skill level 4 in Ranged Weapons
   613 | D:2      | Reached XP level 3. HP: 28/28 MP: 3/3
   617 | D:2      | Found a broken altar of Ashenzari.
   684 | D:2      | Found a faded altar of an unknown god.
   791 | D:2      | Prayed at the altar of an unknown god.
   791 | D:2      | Became a worshipper of Cheibriados the Contemplative
   791 | D:2      | Reached * piety under Cheibriados
   972 | D:2      | Reached XP level 4. HP: 33/34 MP: 4/4
  1364 | D:3      | Reached ** piety under Cheibriados
  1590 | D:3      | Found a burning altar of Makhleb.
  2013 | D:4      | Reached skill level 5 in Ranged Weapons
  2013 | D:4      | Reached XP level 5. HP: 38/41 MP: 5/5
  2138 | D:4      | Noticed an ogre
  2141 | D:4      | HP: 1/41 [ogre/+0 giant club (32)]
  2142 | D:4      | Killed an ogre
  2143 | D:4      | Reached XP level 6. HP: 2/48 MP: 6/6
  2378 | D:4      | Noticed Duvessa
  2378 | D:4      | Noticed Dowan
  2388 | D:4      | Killed Dowan
  2389 | D:4      | Reached skill level 6 in Ranged Weapons
  2392 | D:4      | Mangled by Duvessa

Illustrated notes

Levels and vault maps discovered:
D:1:      saegor_arrival_simple_b, layout_loops_ring, minmay_tetromino_t4
D:2:      minmay_chambers_of_ones, layout_basic, basic_altar,
          nicolae_ecumenical_snake_handling, kennysheep_generic_room_4
D:3:      layout_basic, lemuel_coloured_pillars_altar, grunt_ministairs_5,
          kennysheep_generic_room_11
D:4:      layout_rooms, yredelemnul_forgotten_temple_becter, uniq_duvessa

Skill      XL: |  1  2  3  4  5  6 |
---------------+-------------------+-----
Ranged Weapons | 4 5 6 |  6.0
Fighting       | 3 4 |  4.2
Dodging        | |  1.7
Stealth        | |  0.7

Action                     |  1- 3 |  4- 6 || total
---------------------------+-------+-------++-------
   Fire: Sling             |   132 |   176 ||   308
 Armour: Leather armour    |     8 |    28 ||    36
  Dodge: Dodged            |     9 |    18 ||    27

Table legend: (Time is in decaauts)
 A = Elapsed time spent in this place.
 B = Non-inter-level travel time spent in this place.
 C = Inter-level travel time spent in this place.
 D = Time resting spent in this place.
 E = Time spent auto-exploring this place.
 F = Levels seen in this place.
 G = Mean time per level.
                   A        B        C        D        E       F      G
               +--------+--------+--------+--------+--------+-----+--------+
         Total |   2975 |   2864 |    111 |    236 |   2298 |   4 |  743.8 |
       Dungeon |   2975 |   2864 |    111 |    236 |   2298 |   4 |  743.8 |
               +--------+--------+--------+--------+--------+-----+--------+

Top non-repeatable levels by time:
     D:3: 1097 daAuts
     D:2: 822 daAuts
     D:1: 608 daAuts
     D:4: 447 daAuts
